 Dungeon Crawl Stone Soup version 0.23.2-1-ga50397a (webtiles) character file.

Game seed: 1333700426861290846

297585 shadizar the Warrior (level 20, -14/136 HPs)
             Began as a Gargoyle Fighter on May 7, 2019.
             Was the Champion of the Shining One.
             Demolished by a spark wasp (17 damage)
             ... on level 2 of the Depths.
             The game lasted 01:37:23 (41266 turns).

shadizar the Warrior (Gargoyle Fighter)            Turns: 41266, Time: 01:37:23

Health: -14/136    AC: 50    Str: 31    XL:     20   Next: 94%
Magic:  32/40      EV: 12    Int:  9    God:    the Shining One [******]
Gold:   3096       SH: 34    Dex:  9    Spells: 19/19 levels left

rFire    + . .     SeeInvis +   D - +4 morningstar (freeze)
rCold    + + .     Gourm    .   w - +0 large shield
rNeg     + + +     Faith    .   P - +1 plate armour {rC+}
rPois    ∞         Spirit   .   Y - +2 helmet {SInv}
rElec    +         Reflect  .   v - +2 cloak of the Equinox {Str+2}
rCorr    .         Harm     .   T - +0 pair of gloves
MR       +....                  N - +0 pair of boots
Stlth    ..........             (no amulet)
HPRegen  0.32/turn              d - +6 ring of protection
MPRegen  0.27/turn              q - ring of Micwil {rF+ rC+ MP+9}

@: divine shield, berserk cooldown, flying, very slightly contaminated, slowed,
glowing, very slow
A: big wings, negative energy resistance 1, electricity resistance, unbreathing,
petrification resistance, rot immunity, AC +15
}: 2/15 runes: decaying, serpentine
a: Stop Flying, Divine Shield, Cleansing Flame, Summon Divine Warrior, Brand
Weapon With Holy Wrath, Renounce Religion


You were on level 2 of the Depths.
You worshipped the Shining One.
The Shining One was exalted by your worship.
You were very hungry.

You visited 7 branches of the dungeon, and saw 34 of its levels.
You also visited: Gauntlet.

You collected 3366 gold pieces.
You spent 270 gold pieces at shops.

Inventory:

Hand Weapons
 B - the +9 rapier of the Whelk {speed, rF+ rN+ Int+3, unknown}
   (You found it on level 1 of the Snake Pit)

   Attacks with this weapon are significantly faster.
   It affects your intelligence (+3).
   It protects you from fire.
   It protects you from negative energy.
 D - a +4 morningstar of freezing (weapon)
 R - the +8 whip "Snakebite" {curare, rPois}
   (You found it on level 3 of the Lair of Beasts)

   It poisons the flesh of those it strikes.
   It protects you from poison.
Armour
 v - the +2 cloak of the Equinox (worn) {Str+2}
   (You found it on level 1 of the Depths)

   It affects your strength (+2).
 w - a +0 large shield (worn)
 y - a scarf of repulsion
 E - a +0 hat of magic resistance
 K - a +2 shield of reflection
 N - a +0 pair of boots (worn)
 P - a +1 plate armour of cold resistance (worn)
 T - a +0 pair of gloves (worn)
 V - +3 storm dragon scales {Bai Suzhen}
 Y - a +2 helmet of see invisible (worn)
Jewellery
 a - the ring of Due Proportion {Int+5 Dex+3}
   (You found it on level 13 of the Dungeon)

   [ring of dexterity]

   It affects your intelligence (+5).
   It affects your dexterity (+3).
 d - a +6 ring of protection (left hand)
 q - the ring of Micwil (right hand) {rF+ rC+ MP+9}
   (You found it in a Gauntlet)

   [ring of magical power]

   It protects you from fire.
   It protects you from cold.
   It affects your magic capacity (+9).
 r - an uncursed ring of protection from magic
 z - the ring "Laitod" {rC++ rN++ Str-2 Dex+4}
   (You found it on level 1 of the Swamp)

   [ring of dexterity]

   It affects your strength (-2).
   It affects your dexterity (+4).
   It greatly protects you from cold.
   It greatly protects you from negative energy.
 C - an uncursed ring of protection from fire
 L - an uncursed ring of fire
 M - an uncursed ring of resist corrosion
 U - a +6 ring of strength
Wands
 b - a wand of enslavement (48)
 t - a wand of scattershot (7)
 F - a wand of iceblast (21)
 G - a wand of polymorph (18)
 H - a wand of flame (38)
 J - a wand of paralysis (24)
Scrolls
 h - 2 scrolls of magic mapping
 i - 13 scrolls of remove curse
 j - 13 scrolls of identify
 k - 9 scrolls of enchant armour
 n - 5 scrolls of enchant weapon
 o - 14 scrolls of teleportation
 O - 3 scrolls of blinking
Potions
 e - 3 potions of might
 g - 2 potions of berserk rage
 l - 10 potions of curing
 p - 2 potions of ambrosia
 s - 2 potions of magic
 x - 4 potions of resistance
 A - 2 potions of cancellation
 I - 5 potions of brilliance
Miscellaneous
 m - a lamp of fire
 u - a lightning rod (4/4)
 S - 2 phantom mirrors
 W - 2 sacks of spiders
Comestibles
 c - 3 chunks of flesh
 f - 45 rations


   Skills:
 + Level 18.1 Fighting
 + Level 14.6 Maces & Flails
 + Level 15.9 Armour
 + Level 12.3 Dodging
 + Level 15.7 Shields
 + Level 15.3 Invocations
 - Level 7.4 Evocations


You had 19 spell levels left.
You didn't know any spells.
Your spell library contained the following spells:

 Spells                   Type           Power        Failure   Level  Hunger
 Animate Skeleton         Necr           N/A          100%        1    ##.....
 Apportation              Tloc           #.....       100%        1    ##.....
 Confusing Touch          Hex            #.....       100%        1    ##.....
 Infusion                 Chrm           #...         100%        1    ##.....
 Magic Dart               Conj           #...         100%        1    ##.....
 Shock                    Conj/Air       #...         100%        1    ##.....
 Summon Small Mammal      Summ           #...         100%        1    ##.....
 Blink                    Tloc           N/A          100%        2    ###....
 Call Imp                 Summ           #.......     100%        2    ###....
 Poisonous Vapours        Pois/Air       #.....       100%        2    ###....
 Shroud of Golubria       Chrm/Tloc      #.........   100%        2    ###....
 Slow                     Hex            #.......     100%        2    ###....
 Song of Slaying          Chrm           #.......     100%        2    ###....
 Swiftness                Chrm/Air       #.......     100%        2    ###....
 Conjure Flame            Conj/Fire      #.......     100%        3    ####...
 Gell's Gravitas          Tloc           #.........   100%        3    ####...
 Mephitic Cloud           Conj/Pois/Air  #.......     100%        3    ####...
 Portal Projectile        Hex/Tloc       #.....       100%        3    ####...
 Recall                   Summ/Tloc      N/A          100%        3    ####...
 Regeneration             Chrm/Necr      #.........   100%        3    ####...
 Spectral Weapon          Hex/Chrm       #.......     100%        3    ####...
 Static Discharge         Conj/Air       #.......     100%        3    ####...
 Airstrike                Air            #.........   100%        4    #####..
 Cause Fear               Hex            #.........   100%        4    #####..
 Force Lance              Conj/Tloc      #.......     100%        4    #####..
 Aura of Abjuration       Summ           #.........   100%        5    ######.
 Lightning Bolt           Conj/Air       #.........   100%        5    ######.
 Silence                  Hex/Air        #.........   100%        5    ######.
 Summon Demon             Summ           #.........   100%        5    ######.
 Summon Forest            Summ/Tloc      #.........   100%        5    ######.
 Summon Mana Viper        Hex/Summ       #.......     100%        5    ######.
 Yara's Violent Unravell  Hex/Tmut       #.........   100%        5    ######.
 Deflect Missiles         Chrm/Air       #.........   100%        6    #######
 Dispersal                Tloc           #.........   100%        6    #######
 Freezing Cloud           Conj/Ice/Air   #.........   100%        6    #######
 Shadow Creatures         Summ           N/A          100%        6    #######
 Ring of Flames           Chrm/Fire      #.........   100%        7    #######
 Controlled Blink         Tloc           N/A          100%        8    #######
 Discord                  Hex            #.........   100%        8    #######
 Disjunction              Tloc           #.........   100%        8    #######
 Ignition                 Fire           #.........   100%        8    #######
 Shatter                  Erth           #.........   100%        9    #######
 Tornado                  Air            #.........   100%        9    #######


Dungeon Overview and Level Annotations

Branches:
Dungeon (15/15)            Temple (1/1) D:7            Lair (6/6) D:10
  Swamp (4/4) Lair:2        Snake (4/4) Lair:2        Slime (0/5) Lair:6
    Orc (2/2) D:12            Elf (0/3) Orc:2        Vaults (0/5) D:14
 Depths (2/5) D:15

Altars:
Ashenzari
Cheibriados
Dithmenos
Elyvilon
Fedhas
Gozag
Hepliaklqana
Kikubaaqudgha
Makhleb
Nemelex Xobeh
Okawaru
Qazlal
Ru
Sif Muna
Trog
Uskayaw
Vehumet
Wu Jian
Xom
Yredelemnul
Zin
The Shining One
Beogh
Jiyva

Shops:
D:10 (   D:13 :   D:15 }   Orc:2 (:[*   Snake:2 :

Portals:
Hell: Depths:1 Depths:2
Abyss: Depths:2

Annotations:
D:6 Prince Ribbit


Innate Abilities, Weirdness & Mutations

You are resistant to torment.
Your stone body is resilient. (AC +15)
You are immune to poison.
Your large and strong wings let you fly indefinitely.
You resist negative energy. (rN+)
You are resistant to electric shocks. (rElec)
You can survive without breathing.
You are immune to petrification.
You are immune to rotting.


Message History

Blink to where?
Press: ? - help, Dir - move target cursor You are very lightly contaminated with residual magic.
As you read the scroll of blinking, it crumbles to dust.
Blink to where?
Press: ? - help, Dir - move target cursor
As you read the scroll of blinking, it crumbles to dust.
The spark wasp bursts into living lightning!
The living lightning hits you. You resist.
* * * LOW HITPOINT WARNING * * *
The spark wasp blinks!
You block the spark wasp's attack. x2
Blink to where?
Press: ? - help, Dir - move target cursor
As you read the scroll of blinking, it crumbles to dust.
The spark wasp bursts into living lightning!
The living lightning hits you! You resist.
* * * LOW HITPOINT WARNING * * *
The spark wasp blinks! x2; The spark wasp stings you!
You die...

#.∩.# #...## #..).##
##..<..######
##...)).......
#.............
##............
#)...........
#######.@..........
##.....))y..........
....................
..............####..
.............##
............##
............#
........§§###
...[.....##


You could see a spark wasp.

Vanquished Creatures
  Sojobo (Depths:1)
  Bai Suzhen (Snake:4)
  the Lernaean hydra (Swamp:4)
  A tentacled monstrosity (Depths:2)
  A titan (Depths:2)
  Asterion (Snake:2)
  Gastronok (Lair:2)
  A tengu reaver (Depths:2)
  2 thorn hunters
  A storm dragon (Depths:2)
  12 nagarajas
  A fire giant (Depths:1)
  A frost giant (Depths:1)
  2 orc warlords (Orc:2)
  Louise (Swamp:3)
  Aizul (Lair:2)
  The ghost of RatmanManrat the Basher, a journeyman MiBe of Trog (D:15)
  6 stone giants
  3 very ugly things (Depths:1)
  A minotaur (Gauntlet)
  A spark wasp (Depths:2)
  5 ettins
  A deep elf death mage (Depths:1)
  The ghost of HEYYEYAAE the Impaler, a journeyman DgGl (D:13)
  3 jiangshi (Depths:1)
  Erolcha (D:9)
  Josephine (D:13)
  6 fire dragons
  4 ice dragons (Depths:1)
  A great orb of eyes (Depths:1)
  2 yaktaur captains (Depths:1)
  28 hydras
  A rakshasa (Depths:2)
  2 ghost crabs (Swamp:2)
  A vault guard (D:14)
  15 naga warriors
  2 catoblepae
  A death knight (D:14)
  21 two-headed ogres
  2 shambling mangroves (Swamp:1)
  15 alligators
  10 anacondas
  6 centaur warriors
  4 tengu warriors
  4 ogre magi
  2 vampire magi
  2 deep troll shamans (Depths:1)
  An orc high priest (Orc:2)
  Nergalle (Orc:2)
  9 shock serpents
  12 naga sharpshooters
  4 hell knights (Depths:2)
  11 salamander mystics
  8 swamp dragons
  An unseen horror (shapeshifter) (Depths:1)
  A flayed ghost (Depths:1)
  9 deep trolls
  4 unseen horrors
  14 mana vipers
  2 glowing orange brains
  2 wizards
  8 naga ritualists
  4 necromancers
  Pikel (D:9)
  3 lindwurms
  A phantasmal warrior (D:14)
  5 orc knights
  A stone giant zombie (Depths:1)
  A faun (Lair:1)
  3 orc sorcerers (Orc:2)
  14 ugly things
  23 salamanders
  A manticore (D:12)
  7 cyclopes
  2 centaur zombies
  4 elephants
  A torpor snail (Lair:6)
  8 guardian serpents
  A spriggan zombie (Depths:1)
  An ice statue (Gauntlet)
  39 black mambas
  A guardian serpent (shapeshifter) (Depths:1)
  3 molten gargoyles
  11 spiny frogs
  19 naga magi
  4 gargoyles
  A rime drake (Gauntlet)
  A centaur skeleton (D:14)
  An elf skeleton (Depths:1)
  12 yaktaurs
  12 komodo dragons
  2 efreet
  A freezing wraith (D:15)
  A kobold demonologist (D:14)
  A hellwing (Swamp:1)
  2 hydra zombies (Swamp:2)
  A yaktaur skeleton (Depths:1)
  A tengu conjurer (D:15)
  13 tyrant leeches
  A hornet (shapeshifter) (Depths:1)
  3 hornets
  11 trolls
  A polar bear (Lair:6)
  7 bog bodies
  39 blink frogs
  9 hippogriffs
  44 slime creatures
  8 dream sheep (Lair:6)
  A blink frog (shapeshifter) (Depths:1)
  A frost giant simulacrum (Depths:1)
  A meliai zombie (D:11)
  A spriggan (shapeshifter) (D:14)
  4 shadows
  A tyrant leech zombie (Swamp:2)
  14 wraiths
  3 wyverns
  Eustachio (D:6)
  41 yaks
  A vampire (D:11)
  2 spriggans
  11 basilisks
  A steam dragon (Lair:6)
  6 neqoxecs (D:13)
  11 vampire mosquitoes
  9 swamp worms
  Menkaure (D:6)
  23 insubstantial wisps
  2 wargs (Orc:2)
  A soldier ant (D:15)
  76 nagas
  4 porcupines
  16 water moccasins
  5 hell hounds (Lair:6)
  40 orc warriors
  12 swamp drakes
  4 ice beasts
  4 sky beasts
  2 slaves (D:9)
  2 phantoms
  16 ogres
  4 necrophages (D:12)
  4 boggarts (Depths:1)
  40 wolves
  32 centaurs
  11 crocodiles
  A big kobold (D:14)
  Blork the orc (Orc:2)
  16 bullfrogs
  2 wyvern zombies
  A water moccasin zombie (Swamp:2)
  3 scorpions
  9 killer bees
  13 wights
  2 spectral bullfrogs (D:6)
  5 howler monkeys
  6 crimson imps
  5 lava snakes (Lair:6)
  3 bullfrog zombies
  3 hounds
  3 quasits
  A wyvern simulacrum (D:6)
  27 orc wizards
  17 orc priests
  2 bullfrog skeletons
  4 iguanas
  10 worker ants
  A howler monkey zombie (D:5)
  A worker ant zombie (D:5)
  Robin (D:3)
  6 gnolls
  10 adders
  3 shadow imps
  An adder skeleton (D:4)
  An adder zombie (D:9)
  7 worms
  4 dart slugs
  An adder simulacrum (D:6)
  7 leopard geckos
  99 orcs
  8 giant cockroaches
  12 goblins
  6 hobgoblins
  16 jackals
  8 kobolds
  2 quokkas
  3 ball pythons
  8 bats
  A frilled lizard (D:3)
  A quokka skeleton (D:5)
  A quokka zombie (D:5)
  9 rats
  5 briar patches
  A bush (D:12)
1364 creatures vanquished.

Vanquished Creatures (collateral kills)
  A tengu reaver (Depths:1)
  A deep troll earth mage (Depths:1)
  2 yaktaurs (Depths:1)
4 creatures vanquished.

Vanquished Creatures (others)
  A tengu reaver (Depths:1)
  Donald (Swamp:3)
  An alligator (Swamp:4)
  The ghost of bmj180 the Cleaver, a novice HOAK of Lugonu (D:6)
  A molten gargoyle (Gauntlet)
  A rime drake (Gauntlet)
  2 nagas
  A slave (D:9)
  An ogre (Depths:1)
  An iguana (D:9)
  A spectral worker ant (D:6)
  An orc (D:9)
  3 jackals (D:9)
  A briar patch (Swamp:4)
  6 fungi
  9 plants
32 creatures vanquished.

Grand Total: 1400 creatures vanquished

Notes
Turn   | Place    | Note
-------+----------+-------------------------------------------
     0 | D:1      | shadizar the Gargoyle Fighter began the quest for the Orb.
     0 | D:1      | Reached XP level 1. HP: 14/14 MP: 1/1
   393 | D:1      | Reached XP level 2. HP: 19/19 MP: 2/2
  1138 | D:2      | Reached XP level 3. HP: 24/24 MP: 3/3
  1236 | D:2      | Reached skill level 4 in Fighting
  1640 | D:3      | Reached XP level 4. HP: 16/29 MP: 4/4
  2508 | D:3      | Reached skill level 1 in Dodging
  2540 | D:3      | Noticed Robin
  2546 | D:3      | Killed Robin
  2552 | D:3      | Reached XP level 5. HP: 13/34 MP: 5/5
  2608 | D:3      | Found a radiant altar of Vehumet.
  3059 | D:4      | Found a shimmering altar of Xom.
  3133 | D:4      | Reached skill level 5 in Fighting
  3133 | D:4      | Reached XP level 6. HP: 34/40 MP: 6/6
  3279 | D:4      | HP: 2/40 [ogre/+0 giant club (11)]
  3998 | D:4      | Reached XP level 7. HP: 6/44 MP: 7/7
  4559 | D:5      | Entered Level 5 of the Dungeon
  4881 | D:5      | Reached skill level 6 in Fighting
  5457 | D:6      | Noticed Eustachio
  5487 | D:6      | Killed Eustachio
  5487 | D:6      | Reached skill level 5 in Armour
  5487 | D:6      | Reached skill level 5 in Shields
  5487 | D:6      | Reached XP level 8. HP: 41/52 MP: 8/8
  5505 | D:6      | Noticed Prince Ribbit
  5681 | D:6      | Found a runed translucent gate.
  5681 | D:6      | Found a runed translucent gate.
  5686 | D:6      | Found a runed translucent gate.
  5689 | D:6      | Noticed bmj180's ghost (novice HOAK)
  5898 | D:6      | Found a stormy altar of Qazlal.
  5978 | D:6      | Noticed Menkaure
  5987 | D:6      | Killed Menkaure
  5987 | D:6      | Reached skill level 7 in Fighting
  5987 | D:6      | Reached skill level 1 in Evocations
  6764 | D:7      | Reached XP level 9. HP: 46/59 MP: 10/10
  6905 | D:7      | Reached skill level 8 in Fighting
  6905 | D:7      | Reached skill level 5 in Maces & Flails
  6956 | D:7      | Noticed a hornet
  6974 | D:7      | Killed a hornet
  7073 | D:7      | Found a blossoming altar of Fedhas.
  7369 | D:7      | Found a staircase to the Ecumenical Temple.
  7394 | Temple   | Entered the Ecumenical Temple
  7621 | Temple   | Became a worshipper of the Shining One
  8038 | D:8      | Noticed a two-headed ogre
  8049 | D:8      | Killed a two-headed ogre
  8097 | D:8      | Reached skill level 9 in Fighting
  8230 | D:8      | Reached XP level 10. HP: 66/66 MP: 12/12
  8610 | D:9      | Noticed Pikel
  8755 | D:9      | Killed Pikel
  8793 | D:9      | Reached * piety under the Shining One
  8980 | D:9      | Reached skill level 10 in Fighting
  9060 | D:9      | Noticed Erolcha
  9152 | D:9      | Killed Erolcha
  9152 | D:9      | Reached skill level 5 in Dodging
  9216 | D:9      | Reached XP level 11. HP: 73/73 MP: 14/14
  9252 | D:10     | Entered Level 10 of the Dungeon
  9497 | D:10     | Found a staircase to the Lair.
  9868 | D:10     | Reached skill level 11 in Fighting
  9984 | D:10     | Reached skill level 5 in Evocations
 10021 | D:10     | Found Visch's Antique Weapon Shop.
 10048 | D:10     | Noticed an unseen horror
 10052 | D:10     | Killed an unseen horror
 10052 | D:10     | Reached skill level 1 in Invocations
 10155 | D:10     | Reached ** piety under the Shining One
 10910 | D:11     | Noticed a two-headed ogre
 10917 | D:11     | Killed a two-headed ogre
 10993 | D:11     | Noticed an unseen horror
 10995 | D:11     | Killed an unseen horror
 10995 | D:11     | Reached XP level 12. HP: 80/80 MP: 15/15
 11006 | D:11     | Noticed a two-headed ogre
 11016 | D:11     | Killed a two-headed ogre
 11160 | D:11     | Reached skill level 12 in Fighting
 11191 | D:11     | Reached skill level 5 in Invocations
 11813 | D:12     | Found a blossoming altar of Fedhas.
 11887 | D:12     | Reached *** piety under the Shining One
 12116 | D:12     | Found a staircase to the Orcish Mines.
 12153 | D:12     | Found a roughly hewn altar of Beogh.
 12536 | Lair:1   | Entered Level 1 of the Lair of Beasts
 13012 | Lair:1   | Reached XP level 13. HP: 20/87 MP: 18/18
 13598 | Lair:2   | Reached skill level 13 in Fighting
 13654 | Lair:2   | Found a staircase to the Snake Pit.
 13793 | Lair:2   | Reached **** piety under the Shining One
 13945 | Lair:2   | Found a staircase to the Swamp.
 14118 | Lair:2   | Noticed Gastronok
 14136 | Lair:2   | Killed Gastronok
 14814 | Lair:3   | Reached skill level 10 in Armour
 14814 | Lair:3   | Reached skill level 10 in Shields
 15906 | Lair:3   | Found the +8 whip "Snakebite" {curare, rPois}
 16184 | Lair:4   | Found a hide-covered altar of Uskayaw.
 17005 | Lair:5   | Gained mutation: Your large and strong wings let you fly
                  | indefinitely. [Gargoyle growth]
 17005 | Lair:5   | Reached XP level 14. HP: 95/95 MP: 20/20
 17369 | Lair:5   | Found a radiant altar of Vehumet.
 18150 | Lair:6   | Entered Level 6 of the Lair of Beasts
 18196 | Lair:6   | Reached skill level 14 in Fighting
 18313 | Lair:6   | Found a gate leading to a gauntlet.
 18334 | Gauntlet | Entered a Gauntlet
 18334 | Gauntlet | Found a transporter.
 18334 | Gauntlet | Found a transporter.
 18334 | Gauntlet | Found a transporter.
 18335 | Gauntlet | Found a transporter.
 18381 | Gauntlet | Found a transporter.
 18384 | Gauntlet | Found a transporter.
 18399 | Gauntlet | Found a transporter.
 18416 | Gauntlet | Noticed a balrug
 18419 | Gauntlet | Found a transporter.
 18437 | Gauntlet | Found a transporter.
 18440 | Gauntlet | Found a transporter.
 18450 | Gauntlet | Found a transporter.
 18451 | Gauntlet | Found a transporter.
 19021 | Gauntlet | Got a flickering silver ring
 19125 | Gauntlet | Got a dazzling short sword
 19145 | Lair:6   | Identified the ring of Micwil {rF+ rC+ MP+9} (You found it
                  | in a Gauntlet)
 19193 | Lair:6   | Reached skill level 10 in Invocations
 19563 | Lair:6   | Reached ***** piety under the Shining One
 19642 | Lair:6   | Found a large runed translucent door.
 19642 | Lair:6   | Found a large runed translucent door.
 19652 | Lair:6   | Reached skill level 10 in Maces & Flails
 19837 | Lair:6   | Found a staircase to the Slime Pits.
 19837 | Lair:6   | Found a viscous altar of Jiyva.
 19918 | Lair:6   | Reached XP level 15. HP: 25/101 MP: 22/22
 20940 | Orc:1    | Entered Level 1 of the Orcish Mines
 21137 | D:6      | Killed bmj180's ghost
 21510 | Orc:2    | Entered Level 2 of the Orcish Mines
 21654 | Orc:2    | Noticed Blork the orc
 21736 | Orc:2    | Killed Blork the orc
 21740 | Orc:2    | Noticed an orc warlord
 21771 | Orc:2    | Killed an orc warlord
 21784 | Orc:2    | Paralysed by an orc sorcerer for 4 turns
 21829 | Orc:2    | Noticed an orc warlord
 22022 | Orc:2    | Noticed Nergalle
 22028 | Orc:2    | Found a roughly hewn altar of Beogh.
 22036 | Orc:2    | Killed Nergalle
 22076 | Orc:2    | Found Huon's Book Shoppe.
 22155 | Orc:2    | Killed an orc warlord
 22302 | Orc:2    | Found Benaerch's General Store.
 22317 | Orc:2    | Found Secacey's Antique Armour Shoppe.
 22324 | Orc:2    | Bought a glowing chain mail for 270 gold pieces
 22338 | Orc:2    | Found a staircase to the Elven Halls.
 22461 | Orc:2    | Found Juhoeff's Antique Weapon Shoppe.
 23061 | Swamp:1  | Entered Level 1 of the Swamp
 23767 | Swamp:1  | Found a transporter.
 24530 | Swamp:1  | Found a transporter.
 24705 | Swamp:1  | Got a shimmering amber ring
 24715 | Swamp:1  | Got a warped wooden ring
 24785 | Swamp:1  | Identified the ring "Niroscho" {Wiz Str+2} (You found it on
                  | level 1 of the Swamp)
 24787 | Swamp:1  | Identified the ring "Laitod" {rC++ rN++ Str-2 Dex+4} (You
                  | found it on level 1 of the Swamp)
 24825 | Swamp:2  | Reached XP level 16. HP: 99/107 MP: 24/24
 24923 | Swamp:2  | Reached skill level 15 in Fighting
 25585 | Swamp:2  | Noticed a thorn hunter
 25617 | Swamp:2  | Killed a thorn hunter
 25855 | Swamp:2  | Reached ****** piety under the Shining One
 26822 | Swamp:3  | Noticed Louise
 26825 | Swamp:3  | Noticed Donald
 26844 | Swamp:3  | Killed Donald
 26859 | Swamp:3  | Killed Louise
 27534 | Swamp:4  | Entered Level 4 of the Swamp
 28258 | Swamp:4  | Noticed a thorn hunter
 28306 | Swamp:4  | Killed a thorn hunter
 28330 | Swamp:4  | Noticed the 27-headed Lernaean hydra
 28649 | Swamp:4  | Reached XP level 17. HP: 109/113 MP: 26/26
 28720 | Swamp:4  | Got a decaying rune of Zot
 28829 | Swamp:4  | Killed the 27-headed Lernaean hydra
 29023 | Snake:1  | Entered Level 1 of the Snake Pit
 29023 | Snake:1  | Noticed Aizul
 29063 | Lair:2   | Killed Aizul
 29063 | Lair:2   | Reached skill level 10 in Dodging
 29528 | Snake:1  | Got a fine rapier
 29716 | Snake:2  | Found Hocyub's Book Shop.
 29972 | Snake:2  | Reached skill level 16 in Fighting
 30655 | Snake:2  | Noticed Asterion
 30677 | Snake:2  | Killed Asterion
 30985 | Snake:3  | Reached XP level 18. HP: 108/120 MP: 27/27
 32222 | Snake:4  | Entered Level 4 of the Snake Pit
 32239 | Snake:4  | Noticed Bai Suzhen
 32272 | Snake:4  | Killed Bai Suzhen
 33962 | Snake:4  | Reached XP level 19. HP: 117/127 MP: 29/29
 34620 | Snake:4  | Reached skill level 17 in Fighting
 34719 | Snake:4  | Got a serpentine rune of Zot
 35474 | D:13     | Found a transporter.
 35475 | D:13     | Noticed HEYYEYAAE's ghost (journeyman DgGl)
 35498 | D:13     | Found a transporter.
 35526 | D:13     | Killed HEYYEYAAE's ghost
 35533 | D:13     | Got the ring of Due Proportion {Dex+3}
 35777 | D:13     | Noticed Josephine
 35792 | D:13     | Killed Josephine
 35948 | D:13     | Found Lemm's Book Emporium.
 36665 | D:14     | Found a gate to the Vaults.
 37483 | D:15     | Entered Level 15 of the Dungeon
 37573 | D:15     | Reached skill level 15 in Armour
 37596 | D:15     | Found a runed translucent gate.
 37728 | D:15     | Noticed RatmanManrat's ghost (journeyman MiBe)
 37752 | D:15     | Found a runed translucent gate.
 37752 | D:15     | Found a runed translucent gate.
 37829 | D:15     | Found a staircase to the Depths.
 37847 | D:15     | Found Gepnikke's Gadget Boutique.
 38090 | D:15     | Killed RatmanManrat's ghost
 38163 | D:15     | Identified a scroll of acquirement
 38203 | Depths:1 | Entered Level 1 of the Depths
 38215 | Depths:1 | Paralysed by a great orb of eyes for 4 turns
 38224 | Depths:1 | Paralysed by a great orb of eyes for 6 turns
 38513 | Depths:1 | Reached skill level 15 in Shields
 38806 | Depths:1 | Reached XP level 20. HP: 132/134 MP: 30/30
 39129 | Depths:1 | Got a polished cloak
 39147 | Depths:1 | Identified the +2 cloak of the Equinox {Str+2} (You found
                  | it on level 1 of the Depths)
 39751 | Depths:1 | Noticed a lich
 39754 | Depths:1 | Paralysed by a lich for 3 turns
 39897 | Depths:1 | Found a gateway to Hell.
 39932 | Depths:1 | Noticed Sojobo
 39978 | Depths:1 | Killed Sojobo
 39978 | Depths:1 | Reached skill level 15 in Invocations
 40310 | Depths:1 | Found a glowing golden altar of the Shining One.
 40510 | Depths:2 | Found a one-way gate to the infinite horrors of the Abyss.
 40974 | Depths:2 | Reached skill level 18 in Fighting
 41248 | Depths:2 | Noticed a lich
 41266 | Depths:2 | HP: 3/136 [spark wasp/living lightning (9)]
 41266 | Depths:2 | Demolished by a spark wasp

Skill      XL: |  1  2  3  4  5  6  7  8  9 10 11 12 13 14 15 16 17 18 19 20 |
---------------+-------------------------------------------------------------+-----
Fighting       | 4 5 6 7 9 10 11 12 13 14 15 16 17 18 | 18.1
Dodging        | 1 2 3 4 5 6 7 8 9 10 11 12 | 12.3
Armour         | 4 5 6 7 8 9 10 11 12 13 14 15 | 15.9
Shields        | 4 5 6 7 8 9 10 11 12 13 14 15 | 15.7
Maces & Flails | 3 4 5 6 7 8 9 10 11 12 13 14 | 14.6
Evocations     | 1 3 4 5 6 7 |  7.4
Invocations    | 3 6 9 10 11 12 13 14 15 | 15.3

Action                   |  1- 3 |  4- 6 |  7- 9 | 10-12 | 13-15 | 16-18 | 19-21 || total
-------------------------+-------+-------+-------+-------+-------+-------+-------++-------
Melee: Flail             |   162 |   223 |   327 |       |       |       |       ||   712
       Morningstar       |       |       |   131 |   645 |   300 |  1460 |  1226 ||  3762
       Whip              |       |       |       |       |  1405 |   287 |       ||  1692
Invok: Divine Shield     |       |       |       |     2 |    20 |    21 |     5 ||    48
       Cleansing Flame   |       |       |       |       |       |    11 |    13 ||    24
       Summon Divine War |       |       |       |       |       |       |     1 ||     1
 Abil: Fly               |       |       |       |       |     1 |       |       ||     1
Evoke: Wand              |       |       |     8 |       |       |       |       ||     8
  Use: Scroll            |       |     3 |       |    18 |     9 |     3 |     6 ||    39
       Potion            |       |     1 |     1 |     4 |     9 |     6 |     2 ||    23
  Eat: Chunk             |     2 |     8 |    12 |    16 |    26 |    15 |    18 ||    97
       Ration            |       |       |     1 |       |     4 |     7 |     2 ||    14
Armor: Scale mail        |   101 |    86 |       |       |       |       |       ||   187
       Plate armour      |       |    18 |   321 |   585 |   778 |  1069 |   585 ||  3356
Dodge: Dodged            |    46 |    63 |   100 |   335 |   441 |   474 |   318 ||  1777
       Deflected         |       |       |     4 |     1 |    12 |    58 |    24 ||    99
Block: Shield            |   104 |   121 |   241 |   565 |  1209 |   351 |       ||  2591
       Large shield      |       |       |       |       |       |  1885 |  1296 ||  3181
